 Dungeon Crawl Stone Soup version 0.23-a0-644-gb60d84b (webtiles) character file.

117 Borgoz the Skirmisher (level 5, -7/47 HPs)
             Began as a Hill Orc Abyssal Knight on Jan 1, 2019.
             Was a Follower of Lugonu.
             Killed by divine providence
             ... invoked by an orc priest
              (14 damage)
             ... on level 3 of the Dungeon.
             The game lasted 00:04:07 (2328 turns).

Borgoz the Skirmisher (Hill Orc Abyssal Knight)     Turns: 2328, Time: 00:04:08

Health: -7/47      AC:  5    Str: 15    XL:     5   Next: 1%
Magic:  6/6        EV: 16    Int:  9    God:    Lugonu [*.....]
Gold:   123        SH:  0    Dex: 16    Spells: 4/4 levels left

rFire    . . .     SeeInvis .   a - +1 hand axe
rCold    . . .     Gourm    .   (no shield)
rNeg     + . .     Faith    .   m - +0 ring mail (curse)
rPois    .         Spirit   .   (no helmet)
rElec    .         Reflect  .   (no cloak)
rCorr    .         Harm     .   (no gloves)
MR       .....                  (no boots)
Stlth    ++........             (no amulet)
HPRegen  0.15/turn              g - ring of positive energy
MPRegen  0.10/turn              l - -3 ring of intelligence (curse)

@: agile
A: no striking features
a: Depart the Abyss, Renounce Religion, Convert to Beogh


You were on level 3 of the Dungeon.
You worshipped Lugonu.
Lugonu was aware of your devotion.
You were not hungry.

You visited 1 branch of the dungeon, and saw 3 of its levels.
You visited the Abyss 1 time.

You collected 123 gold pieces.

Inventory:

Hand Weapons
 a - a +1 hand axe (weapon)
Armour
 m - a cursed +0 ring mail (worn)
Jewellery
 g - a ring of positive energy (left hand)
 l - a cursed -3 ring of intelligence (right hand)
 s - a +2 ring of protection {unknown}
Wands
 u - a wand of random effects (11)
Scrolls
 d - a scroll of remove curse
 f - a scroll of noise {unknown}
 k - 5 scrolls of identify {unknown}
 n - a scroll of enchant weapon {unknown}
 o - 2 scrolls of teleportation {unknown}
 p - 2 scrolls of fear {unknown}
 q - 2 scrolls of enchant armour {unknown}
Potions
 b - 2 potions of agility
 e - 2 potions of lignification {unknown}
 h - 2 potions of heal wounds {unknown}
 i - a potion of ambrosia {unknown}
 j - 2 potions of resistance {unknown}
 r - 2 potions of curing {unknown}
 v - a potion of flight {unknown}
Comestibles
 c - 6 rations


   Skills:
 + Level 4.3 Fighting
 + Level 4.3 Axes
 + Level 3.4 Armour
 * Level 1.7 Dodging
 + Level 2.4 Invocations


You had 4 spell levels left.
You didn't know any spells.
Your spell library was empty.

Dungeon Overview and Level Annotations

Branches:
Dungeon (3/15)

Altars:
Cheibriados
Ru
Trog


Message History

The orc priest is moderately wounded.
You hit the orc but do no damage. The orc misses you.
The orc priest barely misses you.
You barely miss the orc priest.
The orc priest shouts, "Beogh is our master!
Accept the truth or die!"
The orc priest is moderately wounded.
You closely miss the orc.
The orc priest invokes the aid of Beogh against you.
Pain shoots through your body!
* * * LOW HITPOINT WARNING * * *
The orc hits you with a +2 flail of protection.
* * * LOW HITPOINT WARNING * * *
You closely miss the orc. You hit something.
You hit the orc priest but do no damage.
Something hits you.
* * * LOW HITPOINT WARNING * * *
Something hits you but does no damage.
The orc priest mumbles some strange prayers to Beogh against you.
Beogh smites you!
You die...

#### .......##
...######..#........
...................#
...#######.#........
#..#######.#......#
.........#.#......#
##.........#......# .
#######....#).....##.... #
......#.....((..@o......
......#....#.....o......
................######## ######
................# ......
###.............# #...#.
###.............# ......
....###.......#<# #...#.
.##.###..###..#.# ......
.#...##.........#################


You could see an orc priest and an orc.

Vanquished Creatures
  5 adders
  An ooze (D:3)
  2 dart slugs
  A leopard gecko (D:3)
  3 orcs (D:3)
  7 bats
  8 giant cockroaches
  7 goblins
  5 hobgoblins
  3 jackals
  A quokka (D:2)
  A ball python (D:3)
  2 frilled lizards
  5 kobolds
  5 rats
56 creatures vanquished.

Notes
Turn   | Place    | Note
-------+----------+-------------------------------------------
     0 | Abyss:1  | Borgoz the Hill Orc Abyssal Knight began the quest for the
                  | Orb.
     0 | Abyss:1  | Reached XP level 1. HP: 19/19 MP: 2/2
    16 | Abyss:1  | Found a corrupted altar of Lugonu.
    55 | Abyss:1  | Noticed a large abomination
    56 | D:1      | Escaped the Abyss
   202 | D:1      | Reached skill level 1 in Dodging
   202 | D:1      | Reached XP level 2. HP: 17/27 MP: 3/3
   742 | D:2      | Reached XP level 3. HP: 33/33 MP: 4/4
   754 | D:2      | Reached * piety under Lugonu
  1245 | D:2      | Found a snail-covered altar of Cheibriados.
  1285 | D:2      | Reached XP level 4. HP: 27/40 MP: 5/5
  1760 | D:2      | Found a sacrificial altar of Ru.
  2184 | D:3      | Found a bloodstained altar of Trog.
  2318 | D:3      | Reached XP level 5. HP: 47/47 MP: 6/6
  2328 | D:3      | Killed from afar by an orc priest

Vault maps used:
D:1:      minmay_arrival_nine_rooms, minmay_split_cup_small
D:2:      cheibriados_altar_1, nicolae_overflow_hidden_temple,
          nicolae_ru_path_of_blood
D:3:      minmay_diamond_boxcup, nicolae_overflow_crystal_walls,
          dancing_weapons_uskayaw, lemuel_coloured_pillars_altar

Skill      XL: |  1  2  3  4 |
---------------+-------------+-----
Fighting       | 4 |  4.3
Dodging        | 1 |  1.7
Axes           | 3 4 |  4.3
Armour         | 3 |  3.4
Invocations    | |  2.4

Action                   |  1- 3 |  4- 6 || total
-------------------------+-------+-------++-------
Melee: Hand axe          |   111 |    92 ||   203
Invok: Depart the Abyss  |     1 |       ||     1
  Use: Scroll            |     2 |       ||     2
       Potion            |       |     1 ||     1
  Eat: Chunk             |     1 |     4 ||     5
Armor: Leather armour    |    27 |       ||    27
       Ring mail         |    21 |    31 ||    52
Dodge: Dodged            |    89 |    57 ||   146

Table legend:
 A = Non-vault XP
 B = Vault XP
 C = Vault XP percentage of total XP
 D = Non-vault monster count
 E = Vault monster count
 F = Vault count percentage of total count
                 A         B        C        D         E       F
            +---------+---------+-------+---------+---------+-------
      Total |     138 |      30 |  17.9 |      45 |      11 |  19.6
            +---------+---------+-------+---------+---------+-------
        D:1 |      28 |       5 |  15.2 |      16 |       3 |  15.8
        D:2 |      72 |       0 |   0.0 |      14 |       0 |   0.0
        D:3 |      38 |      25 |  39.7 |      15 |       8 |  34.8
            +---------+---------+-------+---------+---------+-------
